 Dungeon Crawl Stone Soup version 0.32-a0-818-gb728d02 (webtiles) character file.

Game seed: 6093530717095216723

1462 Dorkslayer the Chopper (level 8, 0/54 HPs)
             Began as an Octopode Fighter on Mar 23, 2024.
             Slain by a sky beast (2 damage)
             ... on level 5 of the Dungeon.
             The game lasted 00:14:30 (3033 turns).

Dorkslayer the Chopper (Octopode Fighter)           Turns: 3033, Time: 00:14:30

Health: 0/54       AC:  1    Str: 15 (17) XL:     8   Next: 77%
Magic:  17/17      EV: 13    Int:  8 (10) God:
Gold:   247        SH:  5    Dex: 17 (18) Spells: 7/7 levels left

rFire   . . .        a - +1 war axe
rCold   . . .        b - +0 buckler
rNeg    . . .        (helmet restricted)
rPois   .            k - amulet of regeneration
rElec   .            g - +6 ring of dexterity
rCorr   .            n - ring of magical power
SInv    .            (no ring)
Will    .....        (no ring)
Stlth   ++++         (no ring)
HPRegen 1.09/turn    (no ring)
MPRegen 0.15/turn    (no ring)
                     (no ring)

%: no passive effects
@: no status effects
A: almost no armour, amphibious, 8 rings, camouflage 1, gelatinous body 1,
(nimble swimmer 1), tentacles
a: no special abilities


You were on level 5 of the Dungeon.
You visited 1 branch of the dungeon, and saw 5 of its levels.

You collected 247 gold pieces.

Inventory:

Hand Weapons
 a - a +1 war axe (weapon)
Armour
 b - a +0 buckler (worn)
Jewellery
 f - a ring of ice
 g - a +6 ring of dexterity (left tentacle)
 k - an amulet of regeneration (around mantle)
 n - a ring of magical power (right tentacle)
Talismans
 e - a flux talisman
Scrolls
 h - a scroll of revelation {unknown}
Potions
 l - 2 potions of brilliance
 p - a potion of enlightenment


   Skills:
 + Level 4.4 Fighting
 + Level 6.1 Axes
 + Level 1.4 Throwing
 + Level 4.3 Dodging
 + Level 5.3 Stealth
 + Level 3.6 Shields
 * Level 4.2 Evocations
 * Level 3.4 Shapeshifting


You had 7 spell levels left.
You didn't know any spells.
Your spell library contained the following spells:

 Spells                   Type           Power      Damage    Failure   Level
 Kiss of Death            Conj/Necr      0%         2d5       50%         1
 Confusing Touch          Hex            0%         N/A       86%         3
 Passwall                 Erth           0%         N/A       86%         3
 Volatile Blastmotes      Fire/Tloc      0%         2d10      86%         3
 Dispel Undead            Necr           0%         3d6       99%         4
 Bombard                  Conj/Erth      0%         9d1       100%        6


Dungeon Overview and Level Annotations

Branches:
Dungeon (5/15)
 Temple: D:4-7

Altars:
Makhleb
Vehumet

Shops:
D:1 *


Innate Abilities, Weirdness & Mutations

You cannot wear most types of armour.
You are amphibious.
You can wear up to eight rings at the same time.
Your skin changes colour to match your surroundings (Stealth+).
Your rubbery body absorbs attacks. (AC +1, EV +1)
((You are camouflaged when in or above water. (Stealth+)))
You have tentacles for arms and can constrict up to eight enemies at once.


Message History

Throw: 2 throwing nets
Press: ? - help, Q - select action Shift-Dir - straight line, f - gnoll
Aim: a gnoll, wielding a +0 spear and wearing a +0 leather armour (heavily wounded, 63% to hit)
You throw a throwing net. The throwing net hits the gnoll.
The gnoll is caught in the net!
The gnoll is heavily wounded.
The gnoll struggles against the net.
The gnoll struggles against the net.
You completely miss the gnoll. You grab the gnoll.
You squeeze the gnoll, but do no damage.
The gnoll is heavily wounded.
You constrict the gnoll.
The gnoll struggles against the net.
You catch the helpless gnoll completely off-guard!
You hit the gnoll.
The gnoll is almost dead.
You constrict the gnoll.
You kill the gnoll!
Throw: throwing net
Press: ? - help, Q - select action Shift-Dir - straight line, f - sky beast
Aim: a sky beast (48% to hit)
You throw a throwing net.
The throwing net closely misses the sky beast.
The sky beast closely misses you.
You slash the sky beast!
The sky beast is moderately wounded.
The sky beast flickers out of sight!
Deactivating autopickup; reactivate with Ctrl-A.
Something hits you. Something shocks you.
Okay, then.
You closely miss something. Something hits you. Something shocks you.
Something hits you.
* * * LOW HITPOINT WARNING * * *
Something shocks you.
* * * LOW HITPOINT WARNING * * *
You miss something. Your squeeze misses something. Something hits you.
* * * LOW HITPOINT WARNING * * *
Something shocks you.
* * * LOW HITPOINT WARNING * * *
You closely miss something. Something hits you.
You die...

###### #....# #.##.# .....#
#### #.#..#####..##
#.#..........#
..#...##.....######
....#.###.......@.# ..#...#
##.######{# #....## #.# #g#
####.# #.# #.# #.# ##'## #.#
#.# ##...## #.# ##
#.###.....####.####
.###.##.......#......##
..##.#..........###...#########


You could see a gnoll.

Vanquished Creatures
  The ghost of znke the Ruffian, an amateur TrFi of Okawaru (D:4)
  Grinder (D:5)
  Sigmund (D:4)
  The ghost of Radamante the Covered, an amateur MiFi (D:4)
  A black bear (D:4)
  An ice beast (D:5)
  An orc warrior (D:4)
  A scorpion (D:5)
  An orc priest (D:5)
  A gnoll bouda (D:5)
  A hound (D:4)
  Ijyb (D:3)
  2 iguanas (D:4)
  An orc wizard (D:5)
  5 adders
  7 gnolls
  A ribbon worm (D:2)
  7 orcs
  5 ball pythons
  4 endoplasms
  4 giant cockroaches
  6 goblins
  10 hobgoblins
  12 jackals
  2 kobolds (D:1)
  4 quokkas
  7 bats
  2 frilled lizards
  2 rats (D:1)
93 creatures vanquished.

Notes
Turn   | Place    | Note
-------+----------+-------------------------------------------
     0 | D:1      | Dorkslayer the Octopode Fighter began the quest for the
                  | Orb.
     0 | D:1      | Reached XP level 1. HP: 16/16 MP: 1/1
   104 | D:1      | Reached XP level 2. HP: 18/21 MP: 2/2
   197 | D:1      | Found Sevvojeg's General Store.
   425 | D:1      | Reached XP level 3. HP: 25/26 MP: 3/3
   723 | D:2      | Found a radiant altar of Vehumet.
  1150 | D:2      | Noticed a scorpion
  1159 | D:2      | Reached XP level 4. HP: 30/31 MP: 4/4
  1181 | D:2      | Reached skill level 1 in Stealth
  1238 | D:2      | Found a faded altar of an unknown god.
  1692 | D:3      | Reached skill level 1 in Shapeshifting
  1836 | D:3      | Noticed Ijyb
  1846 | D:3      | Killed Ijyb
  1847 | D:3      | Reached skill level 3 in Axes
  1847 | D:3      | Reached XP level 5. HP: 22/36 MP: 5/5
  2150 | D:4      | Noticed a black bear
  2160 | D:4      | Killed a black bear
  2161 | D:4      | Reached skill level 1 in Evocations
  2161 | D:4      | Reached XP level 6. HP: 33/43 MP: 6/6
  2309 | D:4      | Reached skill level 4 in Axes
  2337 | D:4      | Noticed Sigmund
  2346 | D:4      | Killed Sigmund
  2347 | D:4      | Reached XP level 7. HP: 36/47 MP: 7/7
  2361 | D:4      | Found a runed translucent gate.
  2361 | D:4      | Found a runed translucent gate.
  2361 | D:4      | Found a runed translucent gate.
  2366 | D:4      | Noticed Radamante's ghost (amateur MiFi)
  2366 | D:4      | Noticed znke's ghost (amateur TrFi)
  2383 | D:4      | Killed Radamante's ghost
  2385 | D:4      | Killed znke's ghost
  2386 | D:4      | Reached skill level 5 in Axes
  2386 | D:4      | Reached XP level 8. HP: 40/54 MP: 8/8
  2645 | D:4      | Found a burning altar of Makhleb.
  2646 | D:4      | Noticed an Executioner
  2753 | D:5      | Entered Level 5 of the Dungeon
  2904 | D:5      | Noticed Grinder
  2913 | D:5      | Reached skill level 5 in Stealth
  2924 | D:5      | Killed Grinder
  2925 | D:5      | Reached skill level 6 in Axes
  3003 | D:5      | Reached skill level 1 in Throwing
  3032 | D:5      | HP: 1/54 [something (6)]
  3033 | D:5      | Slain by a sky beast

Illustrated notes

Levels and vault maps discovered:
D:1:      lemuel_arrival_funnel, layout_basic, serial_shops,
          nicolae_shop_rolling_square, chequers_serial_rivers_room_b
D:2:      layout_loops_corners, basic_altar, nicolae_ecumenical_pavilion
D:3:      layout_loops_cross, uniq_ijyb
D:4:      layout_basic, makhleb_altar_promises_db, gammafunk_ghost_cemetery,
          kennysheep_generic_room_8, uniq_sigmund
D:5:      layout_loops_corners, minmay_temple_entry_glass, ebering_ghost_gozag,
          uniq_grinder

Skill      XL: |  1  2  3  4  5  6  7  8 |
---------------+-------------------------+-----
Stealth        | 1 2 3 4 5 |  5.3
Shapeshifting  | 1 2 3 |  3.4
Axes           | 3 4 5 6 |  6.1
Evocations     | 1 2 4 |  4.2
Fighting       | 4 |  4.4
Dodging        | 4 |  4.3
Throwing       | 1 |  1.4
Shields        | |  3.6

Action                     |  1- 3 |  4- 6 |  7- 9 || total
---------------------------+-------+-------+-------++-------
  Melee: War axe           |    71 |    48 |    58 ||   177
         Constrict         |    21 |    15 |    18 ||    54
         Tentacles         |    12 |    15 |    13 ||    40
  Throw: Throwing net      |       |       |     4 ||     4
  Evoke: Wand              |       |       |     8 ||     8
    Use: Scroll            |     3 |     4 |     6 ||    13
         Potion            |       |       |     8 ||     8
   Stab: Sleeping          |     4 |     4 |     1 ||     9
         Distracted        |       |     1 |       ||     1
         Invisible         |       |       |     1 ||     1
         Held in net/web   |       |       |     3 ||     3
 Armour: Skin              |    34 |    19 |    26 ||    79
  Dodge: Dodged            |    45 |    36 |    21 ||   102
  Block: Buckler           |    15 |    15 |     4 ||    34

Table legend: (Time is in decaauts)
 A = Elapsed time spent in this place.
 B = Non-inter-level travel time spent in this place.
 C = Inter-level travel time spent in this place.
 D = Time resting spent in this place.
 E = Time spent auto-exploring this place.
 F = Levels seen in this place.
 G = Mean time per level.
                   A        B        C        D        E       F      G
               +--------+--------+--------+--------+--------+-----+--------+
         Total |   3056 |   3056 |      0 |      0 |   1348 |   5 |  611.2 |
       Dungeon |   3056 |   3056 |      0 |      0 |   1348 |   5 |  611.2 |
               +--------+--------+--------+--------+--------+-----+--------+

Top non-repeatable levels by time:
     D:2: 853 daAuts
     D:4: 678 daAuts
     D:3: 630 daAuts
     D:1: 625 daAuts
     D:5: 268 daAuts
